 Dungeon Crawl Stone Soup version 0.30-a0-6-g7c9e10e132 (webtiles) character file.

Game seed: 7848467059991593243

34 fingers the Insei (level 3, 0/23 HPs)
             Began as an Octopode Transmuter on Aug 22, 2022.
             Slain by an endoplasm (2 damage)
             ... on level 2 of the Dungeon.
             The game lasted 00:04:16 (1546 turns).

fingers the Insei (Octopode Transmuter)             Turns: 1546, Time: 00:04:17

Health: 0/23       AC:  1    Str:  9    XL:     3   Next: 31%
Magic:  4/6        EV: 13    Int: 15    God:
Gold:   17         SH:  0    Dex: 14    Spells: 3/6 levels left

rFire   . . .      SeeInvis .      - Unarmed
rCold   . . .      Faith    .    (no shield)
rNeg    . . .      Spirit   .    (helmet restricted)
rPois   .          Reflect  .    (no amulet)
rElec   .          Harm     .    (no ring)
rCorr   .          Rampage  .    (no ring)
Will    .....                    (no ring)
Stlth   +++.......               (no ring)
HPRegen 0.07/turn                (no ring)
MPRegen 0.10/turn                (no ring)
                                 (no ring)
                                 (no ring)

@: wereblooded
A: almost no armour, amphibious, 8 rings, camouflage 1, gelatinous body 1,
(nimble swimmer 1), tentacles
a: no special abilities


You were on level 2 of the Dungeon.
You visited 1 branch of the dungeon, and saw 2 of its levels.

You collected 17 gold pieces.

Inventory:

Scrolls
 b - a scroll of magic mapping {unknown}
 c - 3 scrolls of identify {unknown}
 d - 2 scrolls of immolation {unknown}
 f - a scroll of enchant weapon {unknown}
 g - a scroll of poison {unknown}
Potions
 a - a potion of lignification
 e - a potion of cancellation {unknown}
 h - a potion of invisibility {unknown}


   Skills:
 * Level 1.5 Fighting
 * Level 2.3 Dodging
 * Level 1.3 Stealth
 * Level 3.2 Unarmed Combat
 - Level 2.2 Spellcasting
 - Level 2.3 Transmutations


You had 3 spell levels left.
You knew the following spells:

 Your Spells              Type           Power      Damage    Failure   Level
a - Beastly Appendage     Tmut           16%        N/A       9%          1
b - Wereblood             Tmut           8%         N/A       13%         2

Your spell library contained the following spells:

 Spells                   Type           Power      Damage    Failure   Level
 Spider Form              Tmut/Pois      5%         N/A       38%         3
 Ice Form                 Ice/Tmut       5%         N/A       80%         4


Dungeon Overview and Level Annotations

Branches:
Dungeon (2/15)

Altars:
Trog


Innate Abilities, Weirdness & Mutations

You cannot wear most types of armour.
You are amphibious.
You can wear up to eight rings at the same time.
Your skin changes colour to match your surroundings (Stealth+).
Your rubbery body absorbs attacks. (AC +1, EV +1)
((You are camouflaged when in or above water. (Stealth+)))
You have tentacles for arms and can constrict up to eight enemies at once.


Message History

The ball python misses you. The worm closely misses you.
You tentacle-slap the worm.
You feel a bit better.
You kill the worm!
The ball python closely misses you. x2; The ball python barely misses you.
The ball python closely misses you.
You tentacle-slap the ball python but do no damage.
You grab the ball python. You constrict the ball python.
The ball python bites you but does no damage.
The ball python grabs you. The ball python constricts you.
* * * LOW HITPOINT WARNING * * *
You tentacle-slap the ball python.
You feel a bit better.
You kill the ball python!
You start resting.
Your primal bloodlust is almost over.
You start resting.
You howl as the wereblood boils in your veins!
You hear a shout!
You start resting.
A kobold comes into view. It is wielding a +0 short sword.
You see here a ball python corpse.
Your primal bloodlust has ended.
There is a stone staircase leading up here.
An endoplasm and a hobgoblin come into view.
The endoplasm moves out of view.
A ball python, a kobold and a hobgoblin come into view.
The kobold shouts!
The hobgoblin shouts! x2
The kobold throws a stone.
The stone barely misses you.
The kobold throws a stone.
The stone hits you.
You are too injured to fight recklessly!
Casting: Wereblood (safe; 13% risk of failure)
Confirm with . or Enter, or press ? or * to list all spells.
Your blood is infused with primal strength.
The endoplasm quivers.
You barely miss the hobgoblin. Your grab misses the hobgoblin.
You squeeze the hobgoblin.
The hobgoblin is heavily wounded.
The hobgoblin hits you.
* * * LOW HITPOINT WARNING * * *
The endoplasm hits you.
You die...

###### ### ...... .<.
...... #.### ### ......
#.#.. ..# ......##.#.#
#.# .........#.# #.#
#....†.<#.###.#
##.........##.#########
##...†.<....Kg@J......
............##g###...###
......##..#.##K.. ....#
..##?. #..#.##..... ...#
. #.. #..#....K..g....#
##. #..#..#..S.... .+ #.
...#..#....... #
####.##..#.......


You could see an endoplasm, 2 hobgoblins and a kobold.

Vanquished Creatures
  A worm (D:2)
  A dart slug (D:2)
  2 bats (D:1)
  3 endoplasms (D:1)
  A giant cockroach (D:1)
  5 goblins (D:1)
  2 hobgoblins (D:1)
  4 kobolds (D:1)
  A quokka (D:1)
  2 ball pythons (D:2)
  3 rats (D:1)
25 creatures vanquished.

Notes
Turn   | Place    | Note
-------+----------+-------------------------------------------
     0 | D:1      | fingers the Octopode Transmuter began the quest for the
                  | Orb.
     0 | D:1      | Reached XP level 1. HP: 13/13 MP: 3/3
     5 | D:1      | Noticed a human
     5 | D:1      | Noticed a spriggan
     7 | D:1      | Noticed a palentonga
     9 | D:1      | Noticed a meteoran
     9 | D:1      | Noticed a merfolk
    13 | D:1      | Noticed a gargoyle
    13 | D:1      | Noticed a demonspawn
    15 | D:1      | Noticed an ogre
    15 | D:1      | Noticed a minotaur
    17 | D:1      | Noticed an octopode
    17 | D:1      | Noticed a felid
    19 | D:1      | Noticed a draconian
    19 | D:1      | Noticed a troll
    21 | D:1      | Noticed a naga
    21 | D:1      | Noticed a demigod
    23 | D:1      | Noticed a ghoul
    23 | D:1      | Noticed a tengu
    25 | D:1      | Noticed a vine stalker
    25 | D:1      | Noticed a formicid
    27 | D:1      | Noticed a vampire
    27 | D:1      | Noticed a ghoul
    29 | D:1      | Noticed a draconian
    29 | D:1      | Noticed a gargoyle
   587 | D:1      | Reached XP level 2. HP: 18/18 MP: 5/5
  1026 | D:1      | Found a faded altar of an unknown god.
  1159 | D:1      | Reached skill level 1 in Stealth
  1305 | D:1      | Learned a level 2 spell: Wereblood
  1319 | D:1      | Reached XP level 3. HP: 15/23 MP: 4/6
  1471 | D:1      | Prayed at the altar of an unknown god.
  1471 | D:1      | Became a worshipper of Trog the Wrathful
  1471 | D:1      | Reached * piety under Trog
  1481 | D:1      | Was placed under penance by Trog
  1493 | D:1      | Fell from the grace of Trog
  1546 | D:2      | Slain by an endoplasm

Illustrated notes

Levels and vault maps discovered:
D:1:      kb_arrival_jail, layout_basic, ebering_ecumenical_altar_box,
          minivault_14, minmay_misc_feat_enclosed, lemuel_old_faithful
D:2:      kb_forest_paths, layout_basic, basic_altar, chequers_mini_garden,
          minivault_23

Skill      XL: |  1  2 |
---------------+-------+-----
Stealth        | 1 |  1.3
Fighting       | |  1.5
Dodging        | |  2.3
Unarmed Combat | |  3.2
Spellcasting   | |  2.2
Transmutations | |  2.3

Action                   || total
-------------------------++-------
Melee: Unarmed           ||    53
       Kick              ||     6
       Tentacles         ||    11
       Constrict         ||    11
       Punch             ||     1
 Cast: Beastly Appendage ||     5
       Wereblood         ||     4
Invok: Renounce Religion ||     1
 Stab: Sleeping          ||     4
Armor: Skin              ||     4
Dodge: Dodged            ||    46

Table legend: (Time is in decaauts)
 A = Elapsed time spent in this place.
 B = Non-inter-level travel time spent in this place.
 C = Inter-level travel time spent in this place.
 D = Time resting spent in this place.
 E = Time spent auto-exploring this place.
 F = Levels seen in this place.
 G = Mean time per level.
                   A        B        C        D        E       F      G
               +--------+--------+--------+--------+--------+-----+--------+
         Total |   1543 |   1543 |      0 |    669 |    452 |   2 |  771.5 |
       Dungeon |   1543 |   1543 |      0 |    669 |    452 |   2 |  771.5 |
               +--------+--------+--------+--------+--------+-----+--------+

Top non-repeatable levels by time:
     D:1: 1510 daAuts
     D:2: 33 daAuts
